 Dungeon Crawl Stone Soup version 0.28-a0-60-g54b5640690 (webtiles) character file.

Game seed: 11170828147876948444

51 runemasterragnar the Sneak (level 3, -1/28 HPs)
             Began as a Naga Hedge Wizard on July 30, 2021.
             Killed by divine providence
             ... invoked by an orc priest
              (8 damage)
             ... on level 3 of the Dungeon.
             The game lasted 00:04:05 (2275 turns).

runemasterragnar the Sneak (Naga Hedge Wizard)      Turns: 2275, Time: 00:04:06

Health: -1/28      AC:  2    Str: 12    XL:     3   Next: 81%
Magic:  1/7        EV: 10    Int: 15    God:
Gold:   45         SH:  0    Dex: 10    Spells: 0/8 levels left

rFire   . . .      SeeInvis +   m - +0 short sword (drain)
rCold   . . .      Faith    .   (no shield)
rNeg    . . .      Spirit   .   b - +0 robe
rPois   +          Reflect  .   c - +0 hat
rElec   .          Harm     .   (no cloak)
rCorr   .          Rampage  .   (no gloves)
Will    .....                   (no barding)
Stlth   ++........              (no amulet)
HPRegen 0.09/turn               (no ring)
MPRegen 0.10/turn               (no ring)

@: short of breath, very slow
A: AC +1, large, see invisible, deformed body, poison resistance, slowness 2,
spit poison 1, naga tail 1
a: Spit Poison


You were on level 3 of the Dungeon.
You visited 1 branch of the dungeon, and saw 3 of its levels.

You collected 45 gold pieces.

Inventory:

Hand Weapons
 a - a +0 dagger
 m - a +0 short sword of draining (weapon)
Armour
 b - a +0 robe (worn)
 c - a +0 hat (worn)
Scrolls
 f - 2 scrolls of noise {unknown}
 g - 4 scrolls of magic mapping {unknown}
 h - a scroll of fog {unknown}
 l - 3 scrolls of teleportation {unknown}
Potions
 d - a potion of brilliance {unknown}
 i - a potion of invisibility {unknown}
 k - a potion of heal wounds {unknown}


   Skills:
 + Level 1.8 Dodging
 + Level 3.5 Stealth
 + Level 3.1 Spellcasting
 * Level 2.2 Conjurations
 + Level 1.4 Summonings
 + Level 1.4 Translocations


You couldn't memorise any spells.
You knew the following spells:

 Your Spells              Type           Power      Damage    Failure   Level
a - Magic Dart            Conj           36%        1d4       8%          1
b - Call Imp              Summ           6%         N/A       16%         2
c - Mephitic Cloud        Conj/Pois/Air  4%         N/A       41%         3
d - Blink                 Tloc           N/A        N/A       17%         2

Your spell library contained the following spells:

 Spells                   Type           Power      Damage    Failure   Level
 Shock                    Conj/Air       20%        1d4       12%         1
 Corona                   Hex            2%         N/A       21%         1
 Ensorcelled Hibernation  Hex/Ice        4%         N/A       30%         2
 Slow                     Hex            2%         N/A       30%         2
 Conjure Flame            Conj/Fire      5%         6-21      36%         3
 Ignite Poison            Fire/Tmut/Pois 2%         N/A       52%         3
 Swiftness                Air            2%         N/A       52%         3
 Tukima's Dance           Hex            2%         N/A       52%         3
 Sticky Flame             Conj/Fire      5%         2d3       77%         4
 Airstrike                Air            1%         N/A       89%         4


Dungeon Overview and Level Annotations

Branches:
Dungeon (3/15)

Altars:


Innate Abilities, Weirdness & Mutations

Your serpentine skin is tough. (AC +1)
You have supernaturally acute eyesight. (SInv)
Armour fits poorly on your strangely shaped body.
Your system is resistant to poisons. (rPois)
You cover ground very slowly.
You can spit poison.
You have a snake-like lower body.


Message History

Unknown command.
Unknown command.
Casting: Magic Dart (safe; 8% risk of failure)
Confirm with . or Enter, or press ? or * to list all spells.
Okay, then.
Casting: Magic Dart (safe; 8% risk of failure)
Confirm with . or Enter, or press ? or * to list all spells.
A beastly little devil appears in a puff of flame.
The orc priest calls down the wrath of Beogh upon you.
Beogh smites you!
Unknown command.
Casting: Call Imp (safe; 16% risk of failure)
Confirm with . or Enter, or press ? or * to list all spells.
A beastly little devil appears in a puff of frigid air.
The orc priest hits you from afar with a +0 trident.
The orc priest completely misses you.
Things that are here:
a +0 mace; 5 boomerangs; a +0 scale mail Unknown command.
You hit the orc priest but do no damage.
The orc priest hits you with a +0 trident.
* * * LOW HITPOINT WARNING * * *
Unknown command.
You barely miss the orc priest.
The orc priest hits you with a +0 trident.
* * * LOW HITPOINT WARNING * * *
Your crimson imp hits the orc priest but does no damage.
Unknown command.
Unknown command.
It was a potion of curing.
You feel better.
You have got your breath back.
The orc priest hits you with a +0 trident.
* * * LOW HITPOINT WARNING * * *
Your crimson imp hits the orc priest but does no damage.
Press: ? - help, Shift-Dir - straight line, f/p - orc priest
Aim: an orc priest, wielding a +0 trident and wearing a +0 chain mail (ally target)
The splash of poison hits the orc priest but does no damage.
The orc priest invokes the aid of Beogh against you.
Beogh smites you!
You die...

#..#.............#
#..#..#####.####.#
#..#..#####.# #.#
#)..).......# #.#
#)##..####### #.#
#.##..# #.#
#.##.... #.##
#.###.### #..# ..#
#.# #@.# ### ..
......o55..# ##
#.....#..###
##>..##..# ##.#
#..# #. ...# #
##.# .#


You could see an orc priest (ally target), a friendly crimson imp (summoned) and
a friendly white imp (summoned).

Vanquished Creatures
  A dart slug (D:1)
  4 orcs (D:3)
  8 endoplasms
  2 giant cockroaches
  A goblin (D:2)
  4 hobgoblins
  A quokka (D:1)
  4 ball pythons
  2 bats
  5 frilled lizards
  7 kobolds
  A rat (D:2)
40 creatures vanquished.

Notes
Turn   | Place    | Note
-------+----------+-------------------------------------------
     0 | D:1      | runemasterragnar the Naga Hedge Wizard began the quest for
                  | the Orb.
     0 | D:1      | Reached XP level 1. HP: 15/15 MP: 4/4
   560 | D:1      | Reached XP level 2. HP: 22/22 MP: 3/6
  1140 | D:1      | Reached XP level 3. HP: 28/28 MP: 7/7
  1282 | D:1      | Learned a level 2 spell: Call Imp
  1286 | D:1      | Learned a level 3 spell: Mephitic Cloud
  1289 | D:1      | Learned a level 2 spell: Blink
  1379 | D:2      | Found a faded altar of an unknown god.
  2275 | D:3      | Killed from afar by an orc priest

Illustrated notes

Levels and vault maps discovered:
D:1:      minmay_arrival_hallway, layout_rooms
D:2:      layout_rooms, hellmonk_ecumenical_altar_blasted
D:3:      layout_loops_ring, kennysheep_generic_room_4

Skill      XL: |  1  2  3 |
---------------+----------+-----
Conjurations   | 2 |  2.2
Dodging        | |  1.8
Stealth        | |  3.5
Spellcasting   | |  3.1
Summonings     | |  1.4
Translocations | |  1.4

Action                   || total
-------------------------++-------
Melee: Dagger            ||    26
       Short sword       ||     7
 Cast: Magic Dart        ||    74
       Call Imp          ||     2
 Abil: Spit Poison       ||     7
  Use: Potion            ||     1
Armor: Robe              ||     4
Dodge: Dodged            ||    21

Table legend: (Time is in decaauts)
 A = Elapsed time spent in this place.
 B = Non-inter-level travel time spent in this place.
 C = Inter-level travel time spent in this place.
 D = Time resting spent in this place.
 E = Time spent auto-exploring this place.
 F = Levels seen in this place.
 G = Mean time per level.
                   A        B        C        D        E       F      G
               +--------+--------+--------+--------+--------+-----+--------+
         Total |   2665 |   2616 |     49 |    447 |   1894 |   3 |  888.3 |
       Dungeon |   2665 |   2616 |     49 |    447 |   1894 |   3 |  888.3 |
               +--------+--------+--------+--------+--------+-----+--------+

Top non-repeatable levels by time:
     D:1: 1479 daAuts
     D:2: 739 daAuts
     D:3: 445 daAuts
